Description

Push at 5:20 with bio and concusive shell and +10 life.

Replay - TvAll - 3 racks BO Shell +10

Build Order

Get SALT Encoding   

  12  0:01  SCV  
  13  0:18  SCV  
  14  0:24  Supply Depot  
  14  0:35  SCV  
  15  0:54  SCV  
  15  0:56  Barracks  
  16  1:07  Refinery  
  16  1:11  SCV  
  17  1:26  Supply Depot  
  17  1:28  SCV  
  18  1:45  SCV  
  19  2:02  Barracks Tech Lab  
  19  2:09  Barracks x2  
  19  2:35  Marauder  
  21  3:05  Marauder  
  21  3:09  Orbital Command  
  23  3:14  Barracks Reactor  
  23  3:22  Barracks Reactor  
  23  3:35  Marauder  
  25  4:00  Supply Depot  
  25  4:04  Marine x2  
  25  4:05  Marauder  
  29  4:11  Concussive Shells  
  29  4:15  Marine x2  
  31  4:32  Marine x2  
  31  4:35  Marauder  
  35  4:42  Marine x2  
  35  4:43  Supply Depot  
  37  5:02  Marine x2  
  39  5:13  Marauder, Supply Depot  Avant l'attaque
  45  5:34  Action  Aucune idée c'est l'attaque
  45  5:43  Marauder  
  51  6:13  Marauder  
  59  6:43  Marauder  
  65  7:13  Marauder  
Spawning Tool Build Advisor. Get it on Overwolf

Analysis

??

Go to:

Details

  • Created by: gt4kalit
  • Published on: Jan 08, 2020
  • Modified on: Jan 08, 2020
  • Patch: 4.11.0
Show
View Real Time Build Order
Export as new Build Order

Comments (0)

There are no comments. Be the first!

Create an account to comment!